 Dungeon Crawl Stone Soup version 0.30.1-4-g462c640d31 (webtiles) character file.

Game seed: 8882286546785850567

15 ChrisAssaf the Chopper (level 2, 0/19 (24) HPs)
             Began as a Draconian Reaver on Aug 31, 2023.
             Slain by a jackal (2 damage)
             ... on level 1 of the Dungeon.
             The game lasted 00:00:30 (51 turns).

ChrisAssaf the Chopper (Draconian Reaver)             Turns: 51, Time: 00:00:31

HP:   0/19 (24)     AC:  4    Str: 14    XL:     2   Next: 34%
MP:   2/5           EV: 12    Int: 13    God:
Gold: 0             SH:  0    Dex:  9    Spells: 4/5 levels left

rFire   . . .        a - +0 hand axe
rCold   . . .        (no shield)
rNeg    . . .        (body armour unavailable)
rPois   .            (helmet restricted)
rElec   .            (no cloak)
rCorr   .            (no gloves)
SInv    .            (no boots)
Will    .....        (no amulet)
Stlth   +            (no ring)
HPRegen 0.23/turn    (no ring)
MPRegen 0.09/turn

%: no passive effects
@: heavily drained
A: AC +4, unfitting armour, cold-blooded
a: no special abilities


You were on level 1 of the Dungeon.
You visited 1 branch of the dungeon, and saw 1 of its levels.

Inventory:

Hand Weapons
 a - a +0 hand axe (weapon)


   Skills:
 * Level 2.2 Fighting
 * Level 3.3 Axes
 * Level 1.8 Dodging
 * Level 0.2 Stealth
 * Level 2.0 Spellcasting
 * Level 3.2 Conjurations
 * Level 0.2 Necromancy


You had 4 spell levels left.
You knew the following spells:

 Your Spells              Type           Power      Damage    Failure   Level
a - Kiss of Death         Conj/Necr      20%        2d7       12%         1

Your spell library contained the following spells:

 Spells                   Type           Power      Damage    Failure   Level
 Momentum Strike          Conj/Tloc      10%        3d8       21%         2
 Hailstorm                Conj/Ice       5%         3d4       36%         3


Dungeon Overview and Level Annotations

Branches:
Dungeon (1/15)

Altars:


Innate Abilities, Weirdness & Mutations

Your plain brown scales are hard. (AC +4)
You cannot fit into any form of body armour.
You are cold-blooded and may be slowed by cold attacks.


Message History

You kill the giant cockroach!
The kobold hits you but does no damage.
You miss the kobold.
A jackal comes into view.
The kobold hits you with a +0 club.
You closely miss the kobold. The kobold hits you with a +0 club.
* * * LOW HITPOINT WARNING * * *
A jackal comes into view.
Aiming: Kiss of Death (safe; 12% risk of failure)
Press: ? - help, Q - select action Shift-Dir - straight line, f - kobold
Aim: a kobold, wielding a +0 club (100% to hit)
The negative energy hits the kobold.
The kobold is drained!
You kill the kobold!
You feel drained.
The jackal barks!
A jackal comes into view.
You closely miss the quokka.
The jackal barks!
The quokka barely misses you. The quokka bites you.
* * * LOW HITPOINT WARNING * * *
You barely miss the quokka. The quokka misses you.
You barely miss the quokka. You tail-slap the quokka.
The quokka is lightly wounded.
The quokka misses you.
The quokka bites you but does no damage.
You hit the quokka but do no damage. You tail-slap the quokka.
You kill the quokka!
A goblin comes into view. It is wielding a +3 dagger.
The jackal bites you.
* * * LOW HITPOINT WARNING * * *
You closely miss the jackal.
The goblin shouts!
The jackal bites you but does no damage.
Unknown command.
The jackal barely misses you.
The jackal bites you but does no damage.
You aren't carrying any potions.
You aren't carrying any scrolls.
You barely miss the jackal. The jackal bites you.
You die...

.....# ....#
....# ### ...#
#.. +..#
#.###### ..#
#.##...#####.#
#+#'##.#.#...#@#
#...##.#.#.#.#h#
+.<.'..#.#.#.'S#
#...####.#.###h#
#+#+# #...# #.#
##### #g# .h.
+.... ......


You could see 3 jackals, a goblin and a ball python.

Vanquished Creatures
  A gnoll (D:1)
  A giant cockroach (D:1)
  A hobgoblin (D:1)
  A quokka (D:1)
  A kobold (D:1)
5 creatures vanquished.

Notes
Turn   | Place    | Note
-------+----------+-------------------------------------------
     0 | D:1      | ChrisAssaf the Draconian Reaver began the quest for the
                  | Orb.
     0 | D:1      | Reached XP level 1. HP: 17/17 MP: 3/3
    35 | D:1      | Reached XP level 2. HP: 11/23 MP: 1/5
    51 | D:1      | Slain by a jackal

Illustrated notes

Levels and vault maps discovered:
D:1:      nicolae_arrival_somewhat_less_tricky_arrival, layout_basic,
          serial_shops, shop, st_stairs_13, minmay_rat_gold_closets

Action                     || total
---------------------------++-------
  Melee: Hand axe          ||    16
         Tailslap          ||     3
   Cast: Kiss of Death     ||     3
 Armour: Skin              ||     6
  Dodge: Dodged            ||     9
